 Dungeon Crawl Stone Soup version 0.22-a0-553-g9358b0b (webtiles) character file.

11 iamserjio the Covered (level 2, -1/19 HPs)
             Began as a Gargoyle Fighter on June 25, 2018.
             Slain by an adder (3 damage)
             ... on level 2 of the Dungeon.
             The game lasted 00:01:01 (124 turns).

iamserjio the Covered (Gargoyle Fighter)             Turns: 124, Time: 00:01:02

Health: -1/19      AC:  9    Str: 19    XL:     2   Next: 25%
Magic:  2/2        EV:  7    Int: 13    God:
Gold:   13         SH:  9    Dex:  9    Spells: 1/1 levels left

rFire    . . .     SeeInvis .   a - +0 war axe
rCold    . . .     Gourm    .   c - +0 shield
rNeg     + . .     Faith    .   b - +0 scale mail
rPois    ∞         Spirit   .   (no helmet)
rElec    +         Reflect  .   (no cloak)
rCorr    .         Harm     .   (no gloves)
MR       .....                  (no boots)
Stlth    ..........             (no amulet)
HPRegen  0.06/turn              (no ring)
MPRegen  0.08/turn              (no ring)

@: brilliant
A: negative energy resistance 1, electricity resistance, unbreathing,
petrification resistance, rot immunity, AC +2
a: no special abilities


You were on level 2 of the Dungeon.
You were not hungry.

You visited 1 branch of the dungeon, and saw 3 of its levels.

You collected 13 gold pieces.

Inventory:

Hand Weapons
 a - a +0 war axe (weapon)
Armour
 b - a +0 scale mail (worn)
 c - a +0 shield (worn)
Wands
 i - a wand of clouds (5)
Scrolls
 g - a scroll of identify {unknown}
 h - a scroll of blinking {unknown}
Potions
 d - 2 potions of might
Comestibles
 f - a ration


   Skills:
 - Level 3.2 Fighting
 * Level 2.3 Axes
 + Level 3.5 Armour
 - Level 3.2 Shields


You had one spell level left.
You didn't know any spells.
Your spell library contained the following spells:

 Spells                   Type           Power        Failure   Level  Hunger
 Apportation              Tloc           #.....       36%         1    ##.....
 Summon Small Mammal      Summ           #...         36%         1    ##.....
 Animate Skeleton         Necr           N/A          36%         1    ##.....
 Confusing Touch          Hex            #.....       36%         1    ##.....


Dungeon Overview and Level Annotations

Branches:
Dungeon (3/15)

Altars:


Innate Abilities, Weirdness & Mutations

You are resistant to torment.
Your stone body is resilient. (AC +2)
You are immune to poison.
You resist negative energy. (rN+)
You are resistant to electric shocks. (rElec)
You can survive without breathing.
You are immune to petrification.
You are immune to rotting.


Message History

You closely miss the adder.
The adder is lightly wounded.
You hit the quokka but do no damage. You hit the kobold.
You kill the kobold!
Your shield and scale mail prevent you from hitting the bat.
The bat barely misses you. You block the bat's attack.
You block the quokka's attack. The adder bites you.
* * * LOW HITPOINT WARNING * * *
The bat hits you but does no damage. The quokka barely misses you.
You closely miss the adder.
The adder is lightly wounded.
You closely miss the bat. You closely miss the quokka.
You block the bat's attack. The bat hits you but does no damage. x2
The adder bites you.
* * * LOW HITPOINT WARNING * * *
The adder barely misses you. The quokka barely misses you.
It was a potion of brilliance.
You feel clever all of a sudden. The adder bites you.
You die...

#.
######.###
$..#.....#
#.......#
#.......#
#.......#
##.......#
......Sr.#
.....bb@.#
.........#
.........#
.........#
...#####$.
... ... ..
... ....


You could see an adder, a quokka and 2 bats.

Vanquished Creatures
  A worm (D:2)
  A leopard gecko (D:3)
  A goblin (D:1)
  2 bats (D:1)
  A kobold (D:2)
  2 rats
8 creatures vanquished.

Notes
Turn   | Place    | Note
-------+----------+-------------------------------------------
     0 | D:1      | iamserjio the Gargoyle Fighter began the quest for the Orb.
     0 | D:1      | Reached XP level 1. HP: 14/14 MP: 1/1
   101 | D:3      | Reached XP level 2. HP: 14/19 MP: 2/2
   124 | D:2      | Slain by an adder

Vault maps used:
D:1:      dpeg_arrival_refuge, minmay_crystal_room, minmay_strange_pillars,
          bh_walls_and_bars

Skill      XL: |  1 |
---------------+----+-----
Axes           | 2 |  2.3
Fighting       | |  3.2
Armour         | |  3.5
Shields        | |  3.2

Action                   || total
-------------------------++-------
Melee: War axe           ||    25
  Use: Potion            ||     1
Armor: Scale mail        ||    30
Dodge: Dodged            ||    15
Block: Shield            ||    26

Table legend:
 A = Spawn XP
 B = Non-spawn XP
 C = Spawn XP percentage of total XP
 D = Spawn monster count
 E = Non-spawn monster count
 F = Spawn count percentage of total count
 G = Total turns spent on level
                    A         B        C        D         E        F      G
               +---------+---------+-------+---------+---------+-------+---------
         Total |       0 |      16 |   0.0 |       0 |       8 |   0.0 |   124
               +---------+---------+-------+---------+---------+-------+---------
           D:1 |       0 |       5 |   0.0 |       0 |       3 |   0.0 |    43
           D:2 |       0 |       7 |   0.0 |       0 |       3 |   0.0 |    47
           D:3 |       0 |       4 |   0.0 |       0 |       2 |   0.0 |    34
               +---------+---------+-------+---------+---------+-------+---------
